[Event "European Amateur-ch U2300 2019"]
[Site "Rhodes"]
[Date "2019.04.10"]
[Round "5.4"]
[White "Zherebtsova, Alexandra"]
[Black "Cmiel, Thorsten"]
[Result "1-0"]
[ECO "E12"]
[WhiteElo "2203"]
[BlackElo "2109"]
[Annotator "NA"]
[PlyCount "87"]
[EventDate "2019.04.06"]
[EventType "swiss"]
[EventCountry "GRE"]
[SourceTitle "playchess.com"]
[Source "ChessBase"]
[SourceQuality "1"]
[TimeControl "40/5400+30:1800+30"]

1. d4 Nf6 2. Nf3 e6 3. c4 b6 4. a3 Bb7 5. Nc3 g6 6. Qc2 Bg7 7. e4 O-O 8. e5 {[%emt 0:13:40] E12: Queen's Indian: Unusual White 4th moves, 4 a3, 4 Nc3 Bb7 5 a3 and 4 Nc3 Bb7} (8. Be2 d5 9. cxd5 exd5 10. e5 Ne4 11. Be3 Nd7 12. Rd1 c5 13. dxc5 Nxc3 14. Qxc3 bxc5 15. Bxc5 Rc8 {0-1 (55) Dreev,A (2670)-Mamedyarov,S (2817) chess.com INT 2019}) 8... Ne8 9. h4 $146 ({Predecessor:} 9. Bg5 f6 10. exf6 Bxf6 11. Bh6 Bg7 12. Bxg7 Nxg7 13. d5 c5 14. O-O-O exd5 15. cxd5 d6 {0-1 (32) Ortega Hermida,D (2389)-Hernandez Carmenates,H (2541) Gran Canaria 2010}) 9... c5 10. Bg5 f6 11. exf6 Nxf6 12. O-O-O (12. d5 $16) 12... Bxf3 $1 13. gxf3 Nc6 14. Ne2 cxd4 15. h5 d3 (15... Qe8 $5 16. hxg6 Qxg6 17. Qxg6 hxg6 $11) 16. Rxd3 Ne5 17. Re3 Nxc4 $1 18. Rc3 ({Don't go for} 18. Qxc4 $2 Rc8 $19) 18... Ne5 19. f4 Nf7 20. Bh4 Nh8 21. h6 Bxh6 $18 22. Bxf6 Bxf4+ 23. Nxf4 Qxf6 24. Nd3 Rad8 25. Kb1 Rf7 26. Bg2 Kg7 27. f4 d6 28. Rc4 Rdd7 29. Re1 Rfe7 30. Bh3 Nf7 31. Qe2 Nd8 32. Re4 Kf7 33. Nb4 Rc7 34. Nc2 d5 35. Re3 Rc4 36. Nb4 Rd4 37. Nd3 a5 38. Ne5+ Kg7 39. Nd3 Kf7 40. Rg1 Kf8 41. Rc1 Rc4 42. Rxc4 dxc4 43. Ne5 b5 44. Qd2 1-0

[Event "European Amateur-ch U2300 2019"]
[Site "Rhodes"]
[Date "2019.04.10"]
[Round "5.5"]
[White "Van De Perre, Tom"]
[Black "Stavropoulos, Konstantinos"]
[Result "1/2-1/2"]
[ECO "B43"]
[WhiteElo "2102"]
[BlackElo "2001"]
[Annotator "NA"]
[PlyCount "43"]
[EventDate "2019.04.06"]
[EventType "swiss"]
[EventCountry "GRE"]
[SourceTitle "playchess.com"]
[Source "ChessBase"]
[SourceQuality "1"]
[TimeControl "40/5400+30:1800+30"]

1. e4 c5 2. Nc3 a6 3. Nge2 e6 4. d4 cxd4 5. Nxd4 Qc7 6. Bd3 Nc6 7. Nxc6 Qxc6 {[%emt 0:01:58] B43: Sicilian: Kan Variation: 5 Nc3} (7... dxc6 8. O-O e5 9. f4 Nf6 10. Kh1 Bd6 11. f5 Bc5 12. a4 a5 13. Qf3 b6 14. Qg3 Rg8 15. Bg5 Qe7 16. Rad1 h6 17. Be3 Bxe3 18. Qxe3 {1-0 (50) Guseinov,G (2621)-Korneev,O (2618) Nakhchivan 2014}) 8. O-O b5 9. Qe2 Bb7 10. a4 b4 11. Nd5 $1 Nf6 12. Nxf6+ gxf6 13. f3 $146 ({Predecessor:} 13. Be3 Bc5 14. Rfc1 Qd6 15. Bxc5 Qxc5 16. c3 Ke7 17. cxb4 Qxb4 {1-0 (61) Larsen,S (2242)-Vinchev,S (2315) ICCF email 2009}) 13... Bd6 14. Bd2 Qc5+ 15. Kh1 (15. Be3 $14 Qe5 16. f4 Qxb2 17. Qf2) 15... Qh5 $1 16. h3 Rg8 17. Qf2 Ke7 18. f4 f5 19. Qf3 Qxf3 20. gxf3 $17 Bc5 21. Be1 fxe4 22. Bh4+ 1/2-1/2

[Event "European Amateur-ch U2300 2019"]
[Site "Rhodes"]
[Date "2019.04.11"]
[Round "6.1"]
[White "Yungucu, Arda"]
[Black "Stavropoulos, Konstantinos"]
[Result "1-0"]
[ECO "D15"]
[WhiteElo "1959"]
[BlackElo "2001"]
[Annotator "NA"]
[PlyCount "103"]
[EventDate "2019.04.06"]
[EventType "swiss"]
[EventCountry "GRE"]
[SourceTitle "playchess.com"]
[Source "ChessBase"]
[SourceQuality "1"]
[TimeControl "40/5400+30:1800+30"]

1. Nf3 c5 2. c3 Nc6 3. d4 cxd4 4. cxd4 d5 5. Nc3 Nf6 6. e3 a6 7. Bd3 Bg4 8. h3 Bh5 9. g4 Bg6 10. Ne5 e6 11. Nxg6 hxg6 12. Bf1 g5 13. Bg2 $11 Bd6 14. a3 Bb8 15. Bd2 Qd6 16. Qb3 Ra7 17. Rc1 O-O 18. Ne2 b5 19. h4 gxh4 20. Rxh4 Rc7 21. e4 Nxe4 22. Bxe4 dxe4 23. Qh3 f6 24. Rh8+ Kf7 25. Qh5+ g6 26. Qh7+ Ke8 27. Qxg6+ Kd8 28. Qxf6+ Ke8 29. Qg6+ Rcf7 30. Rxf8+ Kxf8 31. Bh6+ Ke7 32. Bg5+ Kf8 33. Qh6+ Ke8 34. Qh8+ Kd7 35. Rxc6 Kxc6 36. Qe8+ Rd7 37. Bf4 Qxf4 38. Nxf4 Bxf4 39. Qxe6+ Bd6 40. Qxe4+ Kc7 41. Kd2 Rf7 42. f3 Rf4 43. Qd5 Rf8 44. g5 Rd8 45. Kd3 Rd7 46. g6 Bf8 47. Qe5+ Kc6 48. Qe6+ Kc7 49. Qxa6 Bg7 50. Qa7+ Kd8 51. Qa8+ Kc7 52. Qe4 1-0

[Event "European Amateur-ch U2300 2019"]
[Site "Rhodes"]
[Date "2019.04.11"]
[Round "6.2"]
[White "Cmiel, Thorsten"]
[Black "Van De Perre, Tom"]
[Result "1-0"]
[ECO "B23"]
[WhiteElo "2109"]
[BlackElo "2102"]
[Annotator "NA"]
[PlyCount "87"]
[EventDate "2019.04.06"]
[EventType "swiss"]
[EventCountry "GRE"]
[SourceTitle "playchess.com"]
[Source "ChessBase"]
[SourceQuality "1"]
[TimeControl "40/5400+30:1800+30"]

1. e4 c5 2. Nc3 e6 3. Nge2 a6 4. g3 b5 5. Bg2 Bb7 6. O-O d6 7. d4 {[%emt 0:00:33] B23: Closed Sicilian: Lines without g3} Nd7 (7... cxd4 8. Nxd4 Nc6 9. a4 b4 10. Na2 Nxd4 11. Qxd4 a5 12. Rd1 Ne7 13. b3 Nc6 14. Qd2 Be7 {½-½ (28) Fedorov,A (2603)-Mamedyarov,S (2657) Moscow 2005}) 8. a4 $146 ({Predecessor:} 8. dxc5 Nxc5 9. b4 Nd7 10. a4 bxa4 11. Bf4 Qc7 12. Nxa4 Ngf6 13. Qd3 Be7 14. c4 Ne5 15. Bxe5 dxe5 {0-1 (67) Liedtke,M (2279)-Janzelj,T (2391) Pardubice 2017}) 8... b4 9. Na2 a5 10. d5 exd5 11. exd5 Ngf6 12. c4 Ne5 13. b3 Qd7 14. Nf4 Qc7 15. Bb2 O-O-O 16. Nc1 h5 17. h3 Kb8 18. Ncd3 Ned7 19. Re1 $14 (19. h4 $16) 19... g5 20. Ne6 fxe6 21. dxe6 Bg7 22. exd7 Qxd7 23. Bxb7 Qxb7 24. Qc1 Nh7 25. Qd2 Rhe8 26. Re2 Qf7 27. Rae1 Bxb2 28. Nxb2 Kc7 29. Nd1 Rxe2 30. Qxe2 Nf6 31. Ne3 Rf8 32. Qf3 g4 33. hxg4 Nxg4 34. Nd5+ Kb8 35. Qxf7 Rxf7 36. f4 Nf6 37. Nxf6 Rxf6 38. Kf2 h4 39. Re7 hxg3+ 40. Kxg3 Rg6+ 41. Kf3 Rh6 42. f5 Kc8 43. Kg4 Kd8 44. Re3 1-0

[Event "European Amateur-ch U2300 2019"]
[Site "Rhodes"]
[Date "2019.04.11"]
[Round "6.3"]
[White "Andreev, Stanislav"]
[Black "Zherebtsova, Alexandra"]
[Result "1/2-1/2"]
[ECO "A90"]
[WhiteElo "2140"]
[BlackElo "2203"]
[Annotator "NA"]
[PlyCount "90"]
[EventDate "2019.04.06"]
[EventType "swiss"]
[EventCountry "GRE"]
[SourceTitle "playchess.com"]
[Source "ChessBase"]
[SourceQuality "1"]
[TimeControl "40/5400+30:1800+30"]

1. d4 f5 2. g3 Nf6 3. Bg2 e6 4. c4 c6 5. Nh3 d6 6. f3 Be7 7. Nf2 Nbd7 8. O-O O-O 9. Qc2 Qb6 10. e3 c5 11. Rd1 d5 $14 12. b3 dxc4 13. bxc4 cxd4 14. exd4 e5 15. c5 Qc7 16. Re1 Rf7 17. dxe5 Nxe5 18. Bf4 Nfd7 19. Nd3 Nxd3 20. Bxc7 Nxe1 21. Qc4 Nxg2 22. Kxg2 Nxc5 23. Nc3 Be6 24. Qe2 a6 25. Rd1 b5 26. Bd6 Re8 27. Bxe7 Rfxe7 28. Qf2 b4 29. Qxc5 bxc3 30. Qxc3 Bxa2 31. Rd2 Bf7 32. Kf2 f4 33. Qb4 fxg3+ 34. hxg3 Re5 35. g4 a5 36. Qa4 h5 37. gxh5 Rxh5 38. Rd7 Rf8 39. Qg4 Rh6 40. Ra7 Rf6 41. Qg5 a4 42. Rxa4 Bb3 43. Rg4 Rxf3+ 44. Ke2 R3f7 45. Rg3 Be6 1/2-1/2

[Event "European Amateur-ch U2300 2019"]
[Site "Rhodes"]
[Date "2019.04.11"]
[Round "6.4"]
[White "Samaridis, Konstantinos"]
[Black "Shukan, Alexander"]
[Result "0-1"]
[ECO "A44"]
[WhiteElo "2022"]
[BlackElo "2088"]
[Annotator "NA"]
[PlyCount "72"]
[EventDate "2019.04.06"]
[EventType "swiss"]
[EventCountry "GRE"]
[SourceTitle "playchess.com"]
[Source "ChessBase"]
[SourceQuality "1"]
[TimeControl "40/5400+30:1800+30"]

1. d4 c5 2. d5 e5 3. e4 d6 4. c4 Be7 5. Nc3 Bg5 6. Nge2 Bxc1 7. Nxc1 Ne7 8. Be2 O-O 9. Nd3 f5 10. f3 a6 11. a4 b6 12. Qd2 fxe4 13. fxe4 Ng6 14. g3 Bh3 15. Bf1 Bd7 16. Bg2 Ra7 17. Rf1 Rb7 18. Rxf8+ Qxf8 $14 19. Qe2 Bc8 20. Kd2 Nd7 21. Bh3 Nf6 22. Bxc8 Qxc8 23. Rf1 Qh3 24. Rh1 Ng4 25. Nf2 Qh6+ 26. Kd3 Nxf2+ 27. Qxf2 Rf7 28. Qe2 Qh3 29. Kd2 h5 30. Rg1 h4 31. Qg2 Qg4 32. gxh4 Qf4+ 33. Ke2 Nxh4 34. Qg3 Nf3 35. Rd1 Nd4+ 36. Kd3 Qh6 {[%emt 0:01:07] Kxd4 [%emt 00:00:55]} 0-1

[Event "European Amateur-ch U2300 2019"]
[Site "Rhodes"]
[Date "2019.04.11"]
[Round "6.5"]
[White "Minko, Dmitry"]
[Black "Brouwer, Dennis"]
[Result "0-1"]
[ECO "B56"]
[WhiteElo "2169"]
[BlackElo "2179"]
[Annotator "NA"]
[PlyCount "96"]
[EventDate "2019.04.06"]
[EventType "swiss"]
[EventCountry "GRE"]
[SourceTitle "playchess.com"]
[Source "ChessBase"]
[SourceQuality "1"]
[TimeControl "40/5400+30:1800+30"]

1. e4 c5 2. Nf3 Nc6 3. d4 cxd4 4. Nxd4 Nf6 5. Nc3 d6 6. f3 e5 7. Nb3 Be7 8. Be3 O-O 9. Qd2 a5 10. Bb5 Be6 11. Nd5 a4 12. Bb6 Qb8 13. Bxc6 bxc6 14. Bc7 cxd5 15. Bxb8 axb3 16. exd5 Nxd5 17. c4 Nb6 18. Bxd6 Nxc4 19. Bxe7 Nxd2 20. Bxf8 Nc4 21. Ba3 Nxa3 22. bxa3 bxa2 23. Kd2 Rxa3 24. Rhe1 Ra5 25. Re2 g6 26. Kc3 Kg7 27. Rb2 Kf6 28. Kd2 h5 29. Ke3 Ra3+ 30. Kf2 g5 31. Re2 g4 32. Re3 Ra4 33. Re2 Ra3 34. fxg4 hxg4 35. Re3 Ra5 36. Re2 Kf5 37. Kg3 Kg5 38. Kf2 f5 39. Kg3 f4+ 40. Kf2 Kf5 41. g3 f3 42. Rb2 Ra3 43. Rb5 Kf6 44. Rb4 Rc3 45. Ra4 Rc2+ 46. Kg1 f2+ 47. Kg2 Bd5+ 48. Kf1 Rb2 0-1

[Event "European Amateur-ch U2300 2019"]
[Site "Rhodes"]
[Date "2019.04.12"]
[Round "7.1"]
[White "Brouwer, Dennis"]
[Black "Yungucu, Arda"]
[Result "1-0"]
[ECO "B30"]
[WhiteElo "2179"]
[BlackElo "1959"]
[Annotator "NA"]
[PlyCount "67"]
[EventDate "2019.04.06"]
[EventType "swiss"]
[EventCountry "GRE"]
[SourceTitle "playchess.com"]
[Source "ChessBase"]
[SourceQuality "1"]
[TimeControl "40/5400+30:1800+30"]

1. e4 c5 2. Nf3 Nc6 3. Bb5 e6 4. O-O Nge7 5. Re1 a6 6. Bf1 d5 7. exd5 Nxd5 8. d4 Nf6 9. Be3 cxd4 10. Nxd4 {[%emt 0:00:19] LiveBook: 57 Games} Nxd4 11. Bxd4 {[%emt 0:04:42] B30: Sicilian: 2...Nc6 3 Bb5, lines without ...g6} Bd7 12. c4 Bc6 13. Nc3 Be7 14. a3 {[%emt 0:12:36] [#]} Qd7 $146 ({Predecessor:} 14... a5 15. Qd3 O-O 16. Rad1 Qc7 17. Be5 {1-0 (48) Carlsen,M (2872)-Gelfand,B (2740) London 2013}) 15. Qd3 O-O 16. Rad1 Rfd8 17. Qc2 Qe8 18. b4 b5 19. c5 a5 20. Qb2 axb4 21. axb4 Ra7 22. Be5 Ng4 23. Rxd8 Bxd8 24. Bd4 Qd7 25. Ne4 e5 26. Bxe5 $18 Qe6 27. Bc3 Bxe4 28. f3 f5 29. fxg4 Ra2 30. Qc1 Bh4 31. g3 Be7 32. gxf5 Qc6 33. Qe3 Bg5 34. Qxe4 1-0

[Event "European Amateur-ch U2300 2019"]
[Site "Rhodes"]
[Date "2019.04.12"]
[Round "7.2"]
[White "Shukan, Alexander"]
[Black "Minko, Dmitry"]
[Result "0-1"]
[ECO "C26"]
[WhiteElo "2088"]
[BlackElo "2169"]
[Annotator "NA"]
[PlyCount "84"]
[EventDate "2019.04.06"]
[EventType "swiss"]
[EventCountry "GRE"]
[SourceTitle "playchess.com"]
[Source "ChessBase"]
[SourceQuality "1"]
[TimeControl "40/5400+30:1800+30"]

1. e4 e5 2. Nf3 Nc6 3. Nc3 Nf6 4. g3 Bc5 5. Bg2 d6 6. h3 a6 7. d3 h6 8. O-O O-O 9. Be3 Nh7 10. Nd5 $11 Bxe3 11. Nxe3 Ne7 12. d4 Ng6 13. Nf5 Qf6 14. Ne3 Be6 15. d5 Bd7 16. Nh2 Rae8 17. h4 Qd8 18. Qh5 Ne7 19. f4 exf4 20. gxf4 Ng6 21. Nf5 Bxf5 22. exf5 Nf6 23. Qd1 Nxh4 24. Bh3 Re3 25. Nf3 Nxf3+ 26. Rxf3 Qe7 27. Bg2 Ng4 28. Qd4 Qh4 29. Rxe3 Qf2+ 30. Kh1 Nxe3 31. Qe4 Qg3 32. Qf3 Qxf3 33. Bxf3 Nxc2 34. Rc1 Nd4 35. Be4 Re8 36. Bd3 Re3 37. Rd1 Nf3 38. a4 Kf8 39. b4 Ke7 40. b5 axb5 41. axb5 Kf6 42. Bb1 Re2 0-1

[Event "European Amateur-ch U2300 2019"]
[Site "Rhodes"]
[Date "2019.04.12"]
[Round "7.3"]
[White "Zherebtsova, Alexandra"]
[Black "Samaridis, Konstantinos"]
[Result "1/2-1/2"]
[ECO "D32"]
[WhiteElo "2203"]
[BlackElo "2022"]
[Annotator "NA"]
[PlyCount "80"]
[EventDate "2019.04.06"]
[EventType "swiss"]
[EventCountry "GRE"]
[SourceTitle "playchess.com"]
[Source "ChessBase"]
[SourceQuality "1"]
[TimeControl "40/5400+30:1800+30"]

1. Nf3 Nf6 2. c4 e6 3. Nc3 d5 4. e3 c5 5. cxd5 exd5 6. d4 Nc6 7. Be2 Be7 8. dxc5 Bxc5 9. O-O O-O 10. b3 a6 11. Bb2 Ba7 12. Rc1 Re8 13. Re1 {[%emt 0:15:12] D32: Tarrasch Defence: Sidelines and lines without g3} (13. Na4 Ne4 14. Nd4 Bd7 15. Nxc6 Bxc6 16. Bd4 Bxa4 17. bxa4 Bb8 18. g3 Be5 19. Bxe5 Rxe5 20. Qd4 Qe7 21. Rc2 Re8 22. Bf3 {1-0 (50) Cori Tello,J (2664)-Volodin,A (2457) Batumi 2018}) 13... Qd6 14. Qd2 $146 ({Predecessor:} 14. Qd3 Bg4 15. Nh4 d4 16. exd4 Nxd4 17. Bf1 Qf4 18. g3 Qg5 19. Ne4 Nxe4 20. Rxe4 Ne6 {½-½ (72) Stojanovic,M (2425)-Lopez Martinez,J (2474) Belgrade 2001}) 14... Bg4 15. Rcd1 Rad8 16. Qc1 Qe6 17. Na4 Rc8 18. Qd2 b5 19. Nc3 Rcd8 20. h3 Bh5 21. Ng5 Qf5 22. Bxh5 Qxg5 23. Bf3 Ne4 24. Qe2 Nxf2 25. Qxf2 Rxe3 26. Kh1 Rxc3 27. Qd2 Qxd2 28. Rxd2 Re3 29. Rxe3 Bxe3 30. Rxd5 Rxd5 31. Bxd5 Nb4 32. Bb7 $1 Nxa2 33. Bxa6 b4 34. Be5 Bc5 35. g3 f6 36. Bf4 Kf7 37. Kg2 $11 Ke7 38. Kf3 Nc3 39. Bc4 g5 40. Bd2 h5 {[%emt 0:00:00] Ke4 [%emt 00:01:00]} 1/2-1/2

[Event "European Amateur-ch U2300 2019"]
[Site "Rhodes"]
[Date "2019.04.12"]
[Round "7.4"]
[White "Van De Perre, Tom"]
[Black "Andreev, Stanislav"]
[Result "0-1"]
[ECO "B13"]
[WhiteElo "2102"]
[BlackElo "2140"]
[Annotator "NA"]
[PlyCount "92"]
[EventDate "2019.04.06"]
[EventType "swiss"]
[EventCountry "GRE"]
[SourceTitle "playchess.com"]
[Source "ChessBase"]
[SourceQuality "1"]
[TimeControl "40/5400+30:1800+30"]

1. e4 c6 2. d4 d5 3. exd5 cxd5 4. Bd3 Nc6 5. c3 Qc7 6. h3 g6 7. Nf3 {[%emt 0:02:37] B13: Caro-Kann: Exchange Variation and Panov-Botvinnik Attack} (7. Qc2 f6 8. Ne2 e5 9. O-O Nge7 10. dxe5 fxe5 11. c4 e4 12. Bxe4 dxe4 13. Nbc3 Bg7 14. Nd5 Qd6 {0-1 (29) Aronian,L (2767)-Howell,D (2685) Caleta 2019}) 7... Bf5 8. Bb5 Bg7 9. O-O Nf6 $146 ({Predecessor:} 9... a6 10. Bxc6+ bxc6 11. Ne5 f6 12. Nd3 Bxd3 13. Qxd3 Nh6 14. c4 O-O {½-½ (67) Epding,O (2148)-Brumm,C (2142) Bayern 2015}) 10. Re1 O-O 11. Nbd2 a6 12. Bxc6 bxc6 13. Nb3 Ne4 14. Ne5 f6 15. Nd3 e5 16. f3 Ng3 17. Nbc5 Rfe8 18. Be3 Bf8 19. Qd2 Bd6 20. b4 e4 21. fxe4 Bxe4 22. Bf4 Ra7 23. Bxd6 Qxd6 24. Qf4 Qxf4 25. Nxf4 a5 26. bxa5 Rxa5 27. a4 g5 28. Nfd3 Rb8 29. Nb4 Rc8 30. Nb3 Ra7 31. a5 $16 Kf7 32. Nc5 f5 33. a6 h5 34. Ra5 f4 35. Nb7 Kf6 36. Rc5 g4 37. Na5 gxh3 38. gxh3 Rg8 39. Rxc6+ Kf5 40. Kf2 Nh1+ 41. Ke2 f3+ 42. Ke3 Rg2 43. Nc4 dxc4 44. Rc5+ Kg6 45. Kxe4 f2 46. Rc6+ Kh7 0-1

[Event "European Amateur-ch U2300 2019"]
[Site "Rhodes"]
[Date "2019.04.12"]
[Round "7.5"]
[White "Stavropoulos, Konstantinos"]
[Black "Cmiel, Thorsten"]
[Result "1/2-1/2"]
[ECO "D51"]
[WhiteElo "2001"]
[BlackElo "2109"]
[Annotator "NA"]
[PlyCount "83"]
[EventDate "2019.04.06"]
[EventType "swiss"]
[EventCountry "GRE"]
[SourceTitle "playchess.com"]
[Source "ChessBase"]
[SourceQuality "1"]
[TimeControl "40/5400+30:1800+30"]

1. d4 Nf6 2. Bg5 d5 3. e3 e6 4. c4 c6 5. Nc3 Nbd7 6. Qc2 Qa5 7. Bh4 Bb4 8. Bd3 dxc4 9. Bxc4 b5 10. Bd3 c5 11. dxc5 Bb7 12. Nge2 Nxc5 13. O-O a6 14. a3 Bxc3 15. Nxc3 Nxd3 $14 16. Qxd3 O-O 17. e4 Qd8 18. Qe3 e5 19. Rfd1 Qe7 20. Rd2 Rfd8 21. Rad1 Rxd2 22. Qxd2 Qe6 23. f3 h6 24. Bxf6 Qxf6 25. Qd7 Qb6+ 26. Kh1 Bc6 27. Qd6 Re8 28. Nd5 Qb7 29. Ne3 Re6 30. Qc5 Kh7 31. h3 Qe7 32. Qxe7 Rxe7 33. Rd6 Rc7 34. Ng4 f6 35. Ne3 Kg8 36. Kh2 Kf7 37. Kg3 h5 38. Kh4 g6 39. g4 Ke7 40. Rd2 hxg4 41. hxg4 Rd7 42. Rxd7+ 1/2-1/2

[Event "European Amateur-ch U2300 2019"]
[Site "Rhodes"]
[Date "2019.04.13"]
[Round "8.1"]
[White "Yungucu, Arda"]
[Black "Cmiel, Thorsten"]
[Result "1-0"]
[ECO "D03"]
[WhiteElo "1959"]
[BlackElo "2109"]
[Annotator "NA"]
[PlyCount "87"]
[EventDate "2019.04.06"]
[EventType "swiss"]
[EventCountry "GRE"]
[SourceTitle "playchess.com"]
[Source "ChessBase"]
[SourceQuality "1"]
[TimeControl "40/5400+30:1800+30"]

1. Nf3 g6 2. d4 Nf6 3. Bg5 Bg7 4. Nbd2 O-O 5. c3 d5 6. e3 b6 7. Bd3 Bb7 8. O-O Ne4 $11 9. Bf4 Nd7 10. Qc2 Nxd2 11. Qxd2 Re8 12. Ne5 Nxe5 13. Bxe5 Bxe5 14. dxe5 f6 15. f4 fxe5 16. fxe5 Rf8 17. Rxf8+ Qxf8 18. Qe1 Qg7 19. Qg3 Rf8 20. Rd1 e6 21. Qg5 c5 22. Rf1 Rxf1+ 23. Kxf1 Qd7 24. h4 d4 25. exd4 cxd4 26. c4 Kf8 27. Kg1 Ke8 28. h5 gxh5 29. Qxh5+ Qf7 30. Qxf7+ Kxf7 31. Bxh7 Kg7 32. Bd3 Kh6 33. Kf2 Kg5 34. g3 a5 35. b3 Bc6 36. Ke2 Kg4 37. Bh7 Kxg3 38. Kd3 Kf4 39. Kxd4 Bb7 40. a3 Bc6 41. b4 axb4 42. axb4 Bb7 43. Bg6 Bc6 44. Bc2 {[%emt 0:00:21] Ke4+ Kxe4} 1-0

[Event "European Amateur-ch U2300 2019"]
[Site "Rhodes"]
[Date "2019.04.13"]
[Round "8.2"]
[White "Andreev, Stanislav"]
[Black "Stavropoulos, Konstantinos"]
[Result "1/2-1/2"]
[ECO "E46"]
[WhiteElo "2140"]
[BlackElo "2001"]
[Annotator "NA"]
[PlyCount "192"]
[EventDate "2019.04.06"]
[EventType "swiss"]
[EventCountry "GRE"]
[SourceTitle "playchess.com"]
[Source "ChessBase"]
[SourceQuality "1"]
[TimeControl "40/5400+30:1800+30"]

1. d4 Nf6 2. c4 e6 3. Nc3 Bb4 4. e3 O-O 5. Nge2 c6 6. a3 Ba5 7. c5 d6 8. cxd6 Qxd6 9. b4 Bc7 10. g3 e5 11. Bg2 Nbd7 12. O-O Nb6 13. Qc2 Bd7 14. dxe5 Qxe5 15. e4 Qe7 16. Bg5 Rac8 17. Rad1 h6 18. Be3 Rfd8 19. Bc5 Qe8 20. f4 Be6 21. e5 Rxd1 22. Rxd1 Nfd5 23. Ne4 Bf5 24. Qb3 Rd8 25. a4 Bxe4 26. Bxe4 Nf6 27. Bf3 Rxd1+ 28. Qxd1 Qd7 29. Nd4 Nfd5 30. a5 Nc8 31. Bg4 Qe8 32. Nb5 Bb8 33. Bf3 b6 34. axb6 axb6 35. Bf2 Nxb4 36. Nd4 Ne7 37. Qa4 Nd3 38. Be3 Qd8 39. Nxc6 Nxc6 40. Qxc6 Nc5 41. Bd5 Qd7 42. Qxb6 Qxd5 43. Qxb8+ Kh7 44. Qd6 Qxd6 45. exd6 Nd7 46. Kg2 f5 47. Bd4 h5 48. Kf3 Kg6 49. Ke3 Kf7 50. Be5 Ke6 51. Kd4 g5 52. Kc4 g4 53. Kd4 Nb6 54. Kc5 Nd7+ 55. Kc6 Nb8+ 56. Kc7 Na6+ 57. Kc8 Nc5 58. Kd8 Nb7+ 59. Kc7 Nc5 60. Kc6 Nd7 61. Bd4 Nb8+ 62. Kb7 Nd7 63. Kc7 Nf8 64. Bc5 Nd7 65. Ba3 Nf6 66. Kc8 Nd7 67. Kd8 Nb6 68. Ke8 Nd7 69. Bb4 Nb8 70. Kf8 Nc6 71. Bc5 Nb8 72. Kg7 Nd7 73. Ba3 Nb6 74. Kg6 Nc4 75. Bc5 Nd2 76. d7 Kxd7 77. Kxf5 Nf3 78. Kg6 Nxh2 79. Kxh5 Ke8 80. Kg6 Nf3 81. Kg7 Kd7 82. Kf6 Kc6 83. Ba3 Kd5 84. Kf5 Nh2 85. Be7 Kd4 86. Ke6 Nf3 87. f5 Ke4 88. Bf6 Nh2 89. Be5 Nf3 90. Bg7 Ng5+ 91. Kf6 Nf3 92. Kg6 Nh4+ 93. gxh4 g3 94. f6 g2 95. f7 g1=Q+ 96. Kh7 Qg4 1/2-1/2

[Event "European Amateur-ch U2300 2019"]
[Site "Rhodes"]
[Date "2019.04.13"]
[Round "8.3"]
[White "Samaridis, Konstantinos"]
[Black "Van De Perre, Tom"]
[Result "1-0"]
[ECO "B41"]
[WhiteElo "2022"]
[BlackElo "2102"]
[Annotator "NA"]
[PlyCount "137"]
[EventDate "2019.04.06"]
[EventType "swiss"]
[EventCountry "GRE"]
[SourceTitle "playchess.com"]
[Source "ChessBase"]
[SourceQuality "1"]
[TimeControl "40/5400+30:1800+30"]

1. e4 c5 2. Nf3 e6 3. d4 cxd4 4. Nxd4 a6 5. c4 Nf6 6. Nc3 Bb4 7. Bd2 Nc6 8. Nxc6 dxc6 9. e5 Nd7 10. Qg4 Nxe5 11. Qxg7 Ng6 12. Ne4 Bxd2+ 13. Nxd2 Qa5 14. O-O-O Qe5 15. Qxe5 Nxe5 16. Ne4 a5 17. c5 Nd7 18. Bc4 Ke7 19. Rhe1 a4 20. Kc2 b6 21. f4 b5 22. Bf1 f5 23. Ng3 Rf8 24. Rd6 Nxc5 25. Rxc6 Na6 26. a3 Rb8 27. Re5 Rf6 28. Bxb5 Bd7 29. Rxa6 Rxb5 30. Rxb5 Bxb5 31. Ra7+ Bd7 32. Ne2 Rh6 33. h3 Rg6 34. g3 h5 35. h4 Kd6 36. Ra5 Rg8 37. Re5 Bc6 38. Re3 Be4+ 39. Kc1 Kc5 40. Rc3+ Kd5 41. b4 axb3 42. Rxb3 Kc4 43. Rc3+ Kd5 44. Kd2 Rb8 45. Ke3 Kd6 46. a4 Rb1 47. Ra3 Rf1 48. Kd2 Kc5 49. Re3 Ra1 50. Nc3 Kd4 51. Nb5+ Kc4 52. Nd6+ Kd4 53. Nb5+ Kc4 54. Ra3 Rxa3 55. Nxa3+ Kb4 56. Nb5 Bc6 57. Nc3 Kc4 58. a5 Bb7 59. Ne2 Ba6 60. Ke3 Kd5 61. Nd4 Bc4 62. Nf3 Bb5 63. Ne5 Kc5 64. Nf7 Kd5 65. Nh6 Kc5 66. Ng8 Be8 67. a6 Kb6 68. Kd4 Kxa6 69. Ke5 1-0

[Event "European Amateur-ch U2300 2019"]
[Site "Rhodes"]
[Date "2019.04.13"]
[Round "8.4"]
[White "Minko, Dmitry"]
[Black "Zherebtsova, Alexandra"]
[Result "1/2-1/2"]
[ECO "C47"]
[WhiteElo "2169"]
[BlackElo "2203"]
[Annotator "NA"]
[PlyCount "90"]
[EventDate "2019.04.06"]
[EventType "swiss"]
[EventCountry "GRE"]
[SourceTitle "playchess.com"]
[Source "ChessBase"]
[SourceQuality "1"]
[TimeControl "40/5400+30:1800+30"]

1. e4 e5 2. Nf3 Nc6 3. d4 exd4 4. Nxd4 Nf6 5. Nc3 Bb4 6. Nxc6 bxc6 7. Bd3 d5 8. exd5 cxd5 9. O-O O-O 10. Bg5 c6 11. Qf3 Be7 12. h3 h6 13. Bf4 Nh7 14. Ne2 $11 Bf6 15. c3 Ng5 16. Qg3 Ne6 17. Bxh6 Bh4 18. Qg4 Qf6 19. Be3 Nc5 20. Bh7+ Kxh7 21. Qh5+ Kg8 22. Bxc5 Re8 23. Ng3 g6 24. Qd1 a5 25. Qa4 Bd7 26. Rae1 Qg5 27. Kh2 Qh6 28. Rxe8+ Bxe8 29. Qg4 Qg5 30. Qa4 Qh6 31. Be3 Qh8 32. Qg4 Be7 33. f4 a4 34. f5 Qh4 35. Qf3 Rb8 36. fxg6 fxg6 37. Rf2 Bd6 38. Bd4 Qxg3+ 39. Qxg3 Bxg3+ 40. Kxg3 Bd7 41. Kf4 Rf8+ 42. Ke5 Rxf2 43. Bxf2 Bf5 44. c4 dxc4 45. Kd4 Bb1 {[%emt 0:03:15] Ke4 [%emt 00:00:24]} 1/2-1/2

[Event "European Amateur-ch U2300 2019"]
[Site "Rhodes"]
[Date "2019.04.13"]
[Round "8.5"]
[White "Brouwer, Dennis"]
[Black "Shukan, Alexander"]
[Result "1-0"]
[ECO "D02"]
[WhiteElo "2179"]
[BlackElo "2088"]
[Annotator "NA"]
[PlyCount "57"]
[EventDate "2019.04.06"]
[EventType "swiss"]
[EventCountry "GRE"]
[SourceTitle "playchess.com"]
[Source "ChessBase"]
[SourceQuality "1"]
[TimeControl "40/5400+30:1800+30"]

1. d4 d5 2. Nf3 Nc6 3. g3 Bg4 4. Bg2 Qd7 5. c4 dxc4 6. d5 Bxf3 7. Bxf3 Ne5 8. Bg2 c6 9. Qd4 f6 10. f4 Ng6 11. Qxc4 cxd5 12. Qxd5 Qxd5 13. Bxd5 Rc8 14. Nc3 b6 15. Be6 Rc6 16. f5 Ne5 17. Bf4 g6 18. e4 Nd3+ 19. Ke2 Nxb2 20. Rac1 Bh6 21. Na4 Nxa4 22. Rxc6 Kf8 23. Bxg8 Bxf4 24. Bb3 Kg7 25. gxf4 Nc5 26. Rc7 a5 27. Rxe7+ Kh6 28. Rg1 Kh5 29. Bf7 1-0